 Dungeon Crawl Stone Soup version 0.25-a0-1078-gea6e5d949a (webtiles) character file.

Game seed: 15790561290537992231, levelgen mode: deterministic

571 Conn the Sneak (level 7, 0/45 HPs)
             Began as an Octopode Fire Elementalist on May 15, 2020.
             Killed from afar by an orc wizard (6 damage)
             ... with a magic dart
             ... on level 4 of the Dungeon.
             The game lasted 00:26:10 (6533 turns).

Conn the Sneak (Octopode Fire Elementalist)         Turns: 6533, Time: 00:26:11

Health: 0/45       AC:  1    Str:  7    XL:     7   Next: 34%
Magic:  4/12       EV: 14    Int: 19    God:
Gold:   179        SH:  5    Dex: 13    Spells: 2/13 levels left

rFire    . . .     SeeInvis .   p - +0 short sword
rCold    . . .     Gourm    .   h - +2 buckler
rNeg     . . .     Faith    .   (helmet restricted)
rPois    .         Spirit   .   (no amulet)
rElec    .         Reflect  .   g - ring of wizardry
rCorr    .         Harm     .   (no ring)
MR       .....                  (no ring)
Stlth    ++++......             (no ring)
HPRegen  0.15/turn              (no ring)
MPRegen  0.13/turn              (no ring)
                                (no ring)
                                (no ring)

@: no status effects
A: almost no armour, stealthy swim, amphibious, 8 rings, constrict 8, camouflage
1, gelatinous body 1
a: no special abilities


You were on level 4 of the Dungeon.
You were very hungry.

You visited 1 branch of the dungeon, and saw 4 of its levels.
You also visited: Sewer.

You collected 179 gold pieces.

Inventory:

Hand Weapons
 a - a +0 dagger
 p - a +0 short sword (weapon)
Missiles
 i - 51 sling bullets
 n - 5 poisoned darts (quivered)
Armour
 h - a +2 buckler (worn)
Jewellery
 g - a ring of wizardry (left tentacle)
Scrolls
 c - 2 scrolls of teleportation {unknown}
 d - 3 scrolls of remove curse
 e - a scroll of noise
 j - 5 scrolls of identify
 k - a scroll of magic mapping
 l - a scroll of amnesia
 m - a scroll of blinking {unknown}
Potions
 q - a potion of invisibility {unknown}
 r - 4 potions of flight {unknown}
 s - a potion of lignification {unknown}
 t - 2 potions of stabbing {unknown}
 u - a potion of degeneration {unknown}
Comestibles
 b - 5 rations


   Skills:
 * Level 2.3 Fighting
 + Level 1.4 Short Blades
 * Level 3.5 Dodging
 + Level 4.5 Stealth
 * Level 0.4 Shields
 * Level 3.8 Spellcasting
 * Level 3.1 Conjurations
 + Level 0.1 Hexes
 + Level 4.0 Fire Magic


You had 2 spell levels left.
You knew the following spells:

 Your Spells              Type           Power        Failure   Level  Hunger
a - Foxfire               Conj/Fire      ###.         1%          1    None
b - Conjure Flame         Conj/Fire      ###.....     6%          3    ###....
c - Inner Flame           Hex/Fire       ##......     12%         3    ###....
d - Sticky Flame          Conj/Fire      ###.....     21%         4    ####...

Your spell library contained the following spells:

 Spells                   Type           Power        Failure   Level  Hunger
 Fireball                 Conj/Fire      ###.......   45%         5    ######.


Dungeon Overview and Level Annotations

Branches:
Dungeon (4/15)              Sewer (visited)
 Temple: D:4-7

Altars:

Shops:
D:4 [


Innate Abilities, Weirdness & Mutations

You cannot wear most types of armour.
You are very stealthy in the water. (Stealth+)
You are amphibious.
You can wear up to eight rings at the same time.
You can use your tentacles to constrict eight enemies at once.
Your skin changes colour to match your surroundings (Stealth+).
Your rubbery body absorbs attacks. (AC +1, EV +1)


Message History

The orc warrior is almost dead.
The foxfire hits the orc warrior.
The orc warrior is almost dead.
The orc warrior hits you from afar with a +0 halberd!!
Ouch! That really hurt!
* * * LOW HITPOINT WARNING * * *
Okay, then.
Okay, then.
There is an escape hatch in the floor here.
Found a stone staircase leading up.
There is a stone staircase leading up here.
Okay, then.
Okay, then.
You feel a little less mighty now.
Okay, then.
Sorry, you're not good enough to have a special ability.
Found a stone staircase leading down.
A magic dart appears from out of thin air!
The magic dart hits you.
You die...

##* *#>#* **,#.##########
***,*#..........##
*,,,,........o...#
*,*,*,..#..#.##..# ***
*,**,,,,#.....#..#####*,**
*,**,,,,##@#..<......#,*,**
*,**,*,.##.......###..#**,*
*,,,,,,....oo###.#**,*# **,
****,**###.......#*,** **
*,* #.....###**,** **, *,*
#.....# **,***,* *,*
#.....######*,*,** **,***
#...h......#**,** *,,,,*
#.....####>#**,*


You could see an orc warrior, a hound (wandering) and 2 orcs.

Vanquished Creatures
  A phantom (D:4)
  A crimson imp (D:4)
  An orc wizard (D:4)
  2 orc priests (D:3)
  A bullfrog skeleton (D:4)
  A centaur skeleton (D:4)
  A worker ant (D:4)
  11 adders
  2 river rats (D:4)
  6 oozes (Sewer)
  8 worms
  3 dart slugs
  2 leopard geckos
  14 orcs
  6 ball pythons
  10 giant cockroaches
  4 goblins
  7 hobgoblins
  7 jackals
  2 quokkas
  14 bats
  6 frilled lizards
  4 kobolds
  7 rats
121 creatures vanquished.

Vanquished Creatures (collateral kills)
  A dart slug (D:1)
1 creature vanquished.

Vanquished Creatures (others)
  295 foxfires
  4 toadstools (D:1)
299 creatures vanquished.

Grand Total: 421 creatures vanquished

Notes
Turn   | Place    | Note
-------+----------+-------------------------------------------
     0 | D:1      | Conn the Octopode Fire Elementalist began the quest for the
                  | Orb.
     0 | D:1      | Reached XP level 1. HP: 11/11 MP: 3/3
   253 | D:1      | Reached XP level 2. HP: 17/17 MP: 1/5
   796 | D:1      | Reached XP level 3. HP: 21/21 MP: 3/6
   801 | D:1      | Learned a level 3 spell: Conjure Flame
  2078 | D:2      | Reached XP level 4. HP: 14/27 MP: 3/7
  2220 | D:2      | Learned a level 3 spell: Inner Flame
  3376 | D:3      | Reached skill level 1 in Fighting
  3376 | D:3      | Reached XP level 5. HP: 33/33 MP: 4/9
  4454 | D:3      | Reached XP level 6. HP: 33/39 MP: 10/10
  4639 | D:3      | Learned a level 4 spell: Sticky Flame
  4856 | D:4      | Reached skill level 1 in Short Blades
  5175 | D:4      | Found Atair's Armour Emporium.
  5236 | D:4      | Found a glowing drain.
  5240 | Sewer    | Entered a sewer
  5550 | Sewer    | Reached XP level 7. HP: 45/45 MP: 10/12
  6533 | D:4      | Killed from afar by an orc wizard

Illustrated notes

Levels and vault maps discovered:
D:1:      ldierk_water_garden, layout_basic
D:2:      layout_basic
D:3:      layout_rooms, first_ration, minmay_snake_closets
D:4:      layout_loops_cross, serial_shops, shop_fountains,
          gup_sewer_entry_bowl, hangedman_abyss_or_decor_passed

Skill      XL: |  1  2  3  4  5  6  7 |
---------------+----------------------+-----
Stealth        | 3 4 |  4.5
Conjurations   | 2 3 |  3.1
Fighting       | 1 2 |  2.3
Spellcasting   | 3 |  3.8
Dodging        | 3 |  3.5
Short Blades   | 1 |  1.4
Fire Magic     | 4 |  4.0
Shields        | |  0.4
Hexes          | |  0.1

Action                   |  1- 3 |  4- 6 |  7- 9 || total
-------------------------+-------+-------+-------++-------
Melee: Dagger            |    21 |    14 |       ||    35
       Constrict         |     7 |    25 |     4 ||    36
       Tentacles         |     3 |    17 |     2 ||    22
       Short sword       |       |    82 |    19 ||   101
Throw: Dart              |       |       |     5 ||     5
 Cast: Foxfire           |    64 |    69 |    44 ||   177
       Inner Flame       |       |     3 |       ||     3
       Conjure Flame     |       |     1 |     3 ||     4
  Use: Scroll            |       |     8 |       ||     8
       Potion            |       |     3 |     2 ||     5
 Stab: Sleeping          |     4 |     9 |     2 ||    15
  Eat: Chunk             |     4 |    11 |     2 ||    17
Armor: Skin              |     2 |     6 |       ||     8
Dodge: Dodged            |    34 |   119 |    21 ||   174
Block: Buckler           |       |       |     5 ||     5

Table legend:
 A = Non-vault XP
 B = Vault XP
 C = Vault XP percentage of total XP
 D = Non-vault monster count
 E = Vault monster count
 F = Vault count percentage of total count
                 A         B        C        D         E       F
            +---------+---------+-------+---------+---------+-------
      Total |     580 |     236 |  28.9 |      81 |      41 |  33.6
            +---------+---------+-------+---------+---------+-------
        D:1 |      42 |       0 |   0.0 |      23 |       0 |   0.0
        D:2 |      68 |       0 |   0.0 |      25 |       0 |   0.0
        D:3 |     122 |      96 |  44.0 |      16 |      10 |  38.5
        D:4 |     348 |      29 |   7.7 |      17 |       3 |  15.0
      Sewer |       0 |     111 | 100.0 |       0 |      28 | 100.0
            +---------+---------+-------+---------+---------+-------
